 Dungeon Crawl Stone Soup version 0.28.0-49-g6dfe1f597d (webtiles) character file.

Game seed: 4540942760438592252

56 Zeld the Gusty (level 3, -1/18 HPs)
             Began as a Vine Stalker Air Elementalist on May 18, 2022.
             Succumbed to an adder's poison
             ... on level 3 of the Dungeon.
             The game lasted 00:04:21 (2825 turns).

Zeld the Gusty (Vine Stalker Air Elementalist)      Turns: 2825, Time: 00:04:22

Health: -1/18      AC:  2    Str:  7 (10) XL:     3   Next: 97%
Magic:  0/8        EV: 12    Int: 14 (17) God:
Gold:   92         SH:  0    Dex: 13 (14) Spells: 1/7 levels left

rFire   . . .      SeeInvis .   (no weapon)
rCold   . . .      Faith    .   (no shield)
rNeg    . . .      Spirit   +   a - +0 robe
rPois   .          Reflect  .   (no helmet)
rElec   .          Harm     .   (no cloak)
rCorr   .          Rampage  .   (no gloves)
Will    .....                   (no boots)
Stlth   ++........              (no amulet)
HPRegen 0.06/turn               (no ring)
MPRegen 0.11/turn               (no ring)

@: lethally poisoned (-1 -> -8)
A: fangs 2, magic shield, antimagic bite, no potion heal 2
a: no special abilities


You were on level 3 of the Dungeon.
You visited 1 branch of the dungeon, and saw 3 of its levels.

You collected 92 gold pieces.

Inventory:

Armour
 a - a +0 robe (worn)
 j - the +2 kite shield of the Good {rPois rC+ Will+ SInv}
   (You found it on level 2 of the Dungeon)

   rC:        It protects you from cold.
   rPois:     It protects you from poison.
   SInv:      It lets you see invisible.
   Will:      It increases your willpower.
Scrolls
 d - 4 scrolls of identify {unknown}
 g - a scroll of fog {unknown}
 h - a scroll of fear {unknown}
 i - a scroll of acquirement {unknown}
Potions
 e - a potion of cancellation {unknown}
 f - a potion of brilliance {unknown}


   Skills:
 * Level 1.3 Fighting
 - Level 1.5 Dodging
 + Level 2.9 Stealth
 * Level 2.8 Spellcasting
 + Level 1.5 Conjurations
 * Level 3.4 Air Magic


You had one spell level left.
You knew the following spells:

 Your Spells              Type           Power      Damage    Failure   Level
a - Shock                 Conj/Air       36%        1d5       8%          1
b - Static Discharge      Conj/Air       9%         N/A       12%         2
c - Swiftness             Air            11%        N/A       16%         3

Your spell library contained the following spells:

 Spells                   Type           Power      Damage    Failure   Level
 Magic Dart               Conj           24%        1d4       12%         1
 Sandblast                Erth           4%         2d4       22%         1
 Searing Ray              Conj           12%        2d4       17%         2
 Call Imp                 Summ           2%         N/A       32%         2
 Passwall                 Tmut/Erth      1%         N/A       32%         2
 Mephitic Cloud           Conj/Pois/Air  6%         N/A       32%         3
 Stone Arrow              Conj/Erth      8%         3d7       43%         3
 Airstrike                Air            5%         N/A       45%         4
 Fulminant Prism          Conj/Hex       2%         3d6       85%         4


Dungeon Overview and Level Annotations

Branches:
Dungeon (3/15)

Altars:


Innate Abilities, Weirdness & Mutations

You have extremely sharp teeth.
When hurt, damage is shared between your health and your magic reserves.
Your bite disrupts and absorbs the magic of your enemies.
Potions cannot restore your health.


Message History

Press: ? - help, Shift-Dir - straight line, f/p - adder
Aim: an adder (moderately wounded, 48% to hit)
The zap misses the adder.
Casting: Shock (safe; 8% risk of failure)
Confirm with . or Enter, or press ? or * to list all spells.
Aiming: Shock (safe; 8% risk of failure)
Press: ? - help, Shift-Dir - straight line, f/p - adder
Aim: an adder (moderately wounded, 48% to hit)
The zap hits the adder.
The adder is heavily wounded.
Casting: Shock (safe; 8% risk of failure)
Confirm with . or Enter, or press ? or * to list all spells.
Aiming: Shock (safe; 8% risk of failure)
Press: ? - help, Shift-Dir - straight line, f/p - adder
Aim: an adder (heavily wounded, 48% to hit)
The zap hits the adder.
The adder is heavily wounded.
The adder bites you. x2
You are poisoned.
The adder poisons you!
Casting: Shock (safe; 8% risk of failure)
Confirm with . or Enter, or press ? or * to list all spells.
Aiming: Shock (safe; 8% risk of failure)
Press: ? - help, Shift-Dir - straight line, f/p - adder
Aim: an adder (heavily wounded, 48% to hit)
The zap hits the adder.
The adder is severely wounded.
You feel sick. The adder bites you.
You are more poisoned.
The adder poisons you!
You feel sick.
You feel sick. The adder bites you.
* * * LOW HITPOINT WARNING * * *
You are more poisoned.
The adder poisons you!
* * * LOW HITPOINT WARNING * * *
You feel sick.
* * * LOW HITPOINT WARNING * * *
You feel sick.
You die...

#. #.# ##.##.# ##.# #.#
#.##.#
##...###.########.##.#
###.....##..........##.#
..>......#..##########.#
#......##...# ..#
..........#.# .##
##.##.#.##...# .
.......@.S.###
##.####.#### #.# #.# #.#
#.# #.# #.#


You could see an adder.

Vanquished Creatures
  An adder (D:3)
  4 ball pythons
  8 endoplasms
  3 giant cockroaches (D:1)
  3 goblins
  4 hobgoblins
  6 jackals (D:2)
  A quokka (D:1)
  3 bats
  A frilled lizard (D:1)
  A kobold (D:1)
  3 rats
38 creatures vanquished.

Vanquished Creatures (others)
  5 plants (D:2)
5 creatures vanquished.

Grand Total: 43 creatures vanquished

Notes
Turn   | Place    | Note
-------+----------+-------------------------------------------
     0 | D:1      | Zeld the Vine Stalker Air Elementalist began the quest for
                  | the Orb.
     0 | D:1      | Reached XP level 1. HP: 9/9 MP: 4/4
   187 | D:1      | Reached XP level 2. HP: 10/14 MP: 0/6
   197 | D:1      | Learned a level 2 spell: Static Discharge
   985 | D:1      | Found a faded altar of an unknown god.
   997 | D:1      | Reached XP level 3. HP: 15/17 MP: 4/8
  1035 | D:1      | Learned a level 3 spell: Swiftness
  1041 | D:1      | Reached skill level 1 in Fighting
  2026 | D:2      | Identified the +2 kite shield of the Good {rPois rC+ Will+
                  | SInv}
  2825 | D:3      | Succumbed to an adder's poison

Illustrated notes

Levels and vault maps discovered:
D:1:      erik_arrival_blinker_ship, layout_rooms,
          hellmonk_ecumenical_altar_blasted, minmay_misc_feat_room,
          ebering_dispersal_statue_hall, minmay_tree_intersection,
          serial_park_tiny_pond, minivault_24
D:2:      layout_basic, serial_forest, infiniplex_forest_clump_cross,
          infiniplex_forest_clump_tiny, infiniplex_forest_zigzag_2,
          infiniplex_forest_end_3, infiniplex_forest_end_2,
          infiniplex_forest_lined_room_3, nrook_campfire, nrook_mini_vaults,
          minmay_misc_feat_pillars
D:3:      layout_loops_ring, uniq_sigmund, uniq_natasha

Skill      XL: |  1  2  3 |
---------------+----------+-----
Fighting       | 1 |  1.3
Dodging        | |  1.5
Stealth        | |  2.9
Spellcasting   | |  2.8
Conjurations   | |  1.5
Air Magic      | |  3.4

Action                   || total
-------------------------++-------
Melee: Unarmed           ||     9
       Bite              ||     6
       Punch             ||     1
 Cast: Shock             ||    88
       Static Discharge  ||     3
  Use: Potion            ||     2
Armor: Robe              ||     7
Dodge: Dodged            ||    30
